 Dungeon Crawl Stone Soup version 0.27.0-1-g7a089689b8 (webtiles) character file.

Game seed: 16974252081268969533

3354 horus123 the Destroyer (level 9, -4/46 HPs)
             Began as a Deep Elf Conjurer on Aug 4, 2021.
             Was a Follower of Vehumet.
             Killed by the air
             ... invoked by Gastronok
              (35 damage)
             ... on level 8 of the Dungeon on Aug 5, 2021.
             The game lasted 00:38:46 (9154 turns).

horus123 the Destroyer (Deep Elf Conjurer)          Turns: 9154, Time: 00:38:47

Health: -4/46      AC: 10    Str:  4    XL:     9   Next: 73%
Magic:  22/25      EV: 14    Int: 27    God:    Vehumet [*.....]
Gold:   319        SH:  5    Dex: 13    Spells: 5/29 levels left

rFire    . . .     SeeInvis +   b - staff of conjuration
rCold    . . .     Faith    .   (no shield)
rNeg     . . .     Spirit   .   a - +0 robe
rPois    +         Reflect  +   w - +2 hat
rElec    .         Harm     .   s - +1 cloak {rPois}
rCorr    .         Rampage  .   h - +0 pair of gloves
Will     .....                  A - +2 pair of boots
Stlth    +++.......             m - amulet of reflection
HPRegen  0.15/turn              c - ring of flight
MPRegen  0.19/turn              k - ring of see invisible

@: flying, slowed, very slow
A: no striking features
a: Renounce Religion


You were on level 8 of the Dungeon.
You worshipped Vehumet.
Vehumet was aware of your devotion.
You visited 2 branches of the dungeon, and saw 9 of its levels.

You collected 319 gold pieces.

Inventory:

Armour
 a - a +0 robe (worn)
 h - a +0 pair of gloves (worn)
 s - a +1 cloak of poison resistance (worn)
 u - a +0 helmet
 w - a +2 hat (worn)
 A - a +2 pair of boots (worn)
Magical Staves
 b - a staff of conjuration (weapon)
 d - a staff of earth
Jewellery
 c - a ring of flight (left hand)
 f - a ring of positive energy
 k - a ring of see invisible (right hand)
 m - an amulet of reflection (around neck)
Wands
 r - a wand of flame (11)
 t - a wand of paralysis (10)
 y - a wand of iceblast (6)
Scrolls
 e - 2 scrolls of silence
 g - 3 scrolls of identify
 o - a scroll of amnesia
 v - 4 scrolls of teleportation
 B - a scroll of fear
Potions
 j - 2 potions of curing
 l - 3 potions of heal wounds
 n - a potion of degeneration {unknown}
 p - a potion of brilliance
 q - 3 potions of haste
 x - 3 potions of attraction {unknown}
 z - a potion of lignification {unknown}


   Skills:
 + Level 0.7 Fighting
 + Level 5.2 Dodging
 + Level 5.5 Stealth
 + Level 1.1 Shields
 + Level 10.5 Spellcasting
 + Level 10.6 Conjurations
 + Level 4.6 Hexes
 + Level 1.0 Translocations


You had 5 spell levels left.
You knew the following spells:

 Your Spells              Type           Power      Damage    Failure   Level
a - Magic Dart            Conj           100%       1d8       1%          1
b - Searing Ray           Conj           100%       3d7       1%          2
c - Dazzling Flash        Conj/Hex       100%       N/A       1%          3
d - Fulminant Prism       Conj/Hex       35%        3d18      1%          4
e - Iskenderun's Mystic   Conj/Tloc      62%        2d13      3%          4
f - Gell's Gravitas       Tloc           9%         N/A       9%          3
g - Teleport Other        Tloc           19%        N/A       9%          3
h - Freeze                Ice            56%        1d7       4%          1
i - Ozocubu's Armour      Ice            14%        N/A       12%         3

Your spell library contained the following spells:

 Spells                   Type           Power      Damage    Failure   Level
 Blink                    Tloc           N/A        N/A       4%          2
 Lesser Beckoning         Tloc           9%         N/A       9%          3
 Metabolic Englaciation   Hex/Ice        13%        N/A       41%         5
 Manifold Assault         Tloc           19%        N/A       58%         5
 Dispersal                Tloc           9%         N/A       99%         6
 Simulacrum               Ice/Necr       7%         N/A       99%         6


Dungeon Overview and Level Annotations

Branches:
Dungeon (8/15)             Temple (1/1) D:5
   Lair: D:8-11

Altars:
Ashenzari
Cheibriados
Dithmenos
Elyvilon
Fedhas
Gozag
Hepliaklqana
Kikubaaqudgha
Makhleb
Nemelex Xobeh
Okawaru
Qazlal
Ru
Sif Muna
Trog
Vehumet
Wu Jian
Xom
Yredelemnul
Zin
The Shining One

Shops:
D:1 !   D:3 *   D:7 ?

Annotations:
D:8 Gastronok


Message History

Casting: Searing Ray (safe; 1% risk of failure)
Confirm with . or Enter, or press ? or * to list all spells.
Aiming: Fulminant Prism (dangerous; 1% risk of failure)
Press: ? - help, Dir - move target You feel a surge of power!
You conjure a prism of explosive energy!
A fulminant prism comes into view.
Your fulminant prism crackles loudly.
You see here a potion of heal wounds.
l - 3 potions of heal wounds (gained 1)
You block the bullfrog's attack.
Gastronok gurgles, "A snack!
A snack!"
Gastronok looks at you and mumbles some strange words.
You feel yourself slow down.
Your fulminant prism explodes!
The blast of energy engulfs the howler monkey!
You kill the howler monkey!
Vehumet accepts your kill.
You feel your power returning.
The blast of energy engulfs the ice beast!!
The ice beast is severely wounded.
The bullfrog hits you but does no damage. x2
Found a knobbly bronze ring.
Gastronok waves his eye-stalks in wide circles.
The air twists around and strikes you! The bullfrog misses you.
Found 14 arrows.
Magic courses through your body. The bullfrog closely misses you.
You block the bullfrog's attack.
Casting: Fulminant Prism (dangerous; 1% risk of failure)
Confirm with . or Enter, or press ? or * to list all spells.
You feel a surge of power!
The bullfrog is dazzled.
The ice beast is dazzled.
The bullfrog misses you. The bullfrog completely misses you.
The bullfrog misses you.
Gastronok gurgles.
Gastronok's eyestalks quiver as he mumbles some strange words.
Gastronok puts on a burst of speed!
Gastronok waves his eye-stalks in wide circles.
The air twists around and strikes you!!
Ouch! That really hurt!
You die...

...#!# ### . .........
#.###.#.##..# .
.....#.##..#
.............####
...###...........
#$.............#######
..Y...................
#.............@.......
#....###...#..........
.o..###†).#..#.###...
#.....)..)..Y.....=. .
##..#.#.#.#..wF......
.................#....
#..###.#.###..#.#....
#..###.#####..#.#....
##................


You could see Gastronok (swift), an ice beast (wandering, blind) and a bullfrog
(blind).

Vanquished Creatures
  Prince Ribbit (D:6)
  A wyvern (D:5)
  A steam dragon (D:7)
  A water moccasin (D:7)
  2 black bears (D:7)
  An orc warrior (D:8)
  A sky beast (D:6)
  2 necrophages
  3 ogres
  2 centaurs
  A phantom (D:6)
  2 kobold brigands
  A bullfrog (D:6)
  A scorpion (D:6)
  A water moccasin skeleton (D:4)
  10 killer bees
  7 howler monkeys
  A centaur zombie (D:8)
  3 hounds
  Crazy Yiuf (D:4)
  2 bullfrog skeletons
  A bullfrog zombie (D:5)
  A centaur skeleton (D:6)
  An orc priest (D:8)
  6 iguanas
  2 orc wizards
  2 killer bee zombies (D:6)
  A howler monkey skeleton (D:7)
  8 adders
  4 gnolls (D:4)
  A white imp (D:7)
  An adder skeleton (D:4)
  2 worms
  2 dart slugs
  12 orcs
  7 endoplasms
  4 giant cockroaches
  7 goblins
  6 hobgoblins
  2 jackals (D:1)
  2 quokkas (D:3)
  8 ball pythons
  2 bats
  2 frilled lizards
  14 kobolds
  4 rats
147 creatures vanquished.

Vanquished Creatures (others)
  12 fulminant prisms
12 creatures vanquished.

Grand Total: 159 creatures vanquished

Notes
Turn   | Place    | Note
-------+----------+-------------------------------------------
     0 | D:1      | horus123 the Deep Elf Conjurer began the quest for the Orb.
     0 | D:1      | Reached XP level 1. HP: 10/10 MP: 6/6
    45 | D:1      | You fall into a shaft and drop 1 floor!
    66 | D:1      | Found a faded altar of an unknown god.
   456 | D:1      | Found Nochim's Distillery.
   542 | D:1      | Reached XP level 2. HP: 15/15 MP: 6/8
   757 | D:1      | Reached skill level 5 in Conjurations
  1041 | D:1      | Learned a level 2 spell: Searing Ray
  1155 | D:2      | Reached XP level 3. HP: 16/19 MP: 4/9
  1853 | D:3      | Learned a level 3 spell: Dazzling Flash
  2150 | D:3      | Reached XP level 4. HP: 14/24 MP: 5/11
  2425 | D:3      | Found Bearhy's General Store.
  2499 | D:3      | Found an ancient bone altar of Kikubaaqudgha.
  2947 | D:3      | Found a stormy altar of Qazlal.
  3124 | D:3      | Reached XP level 5. HP: 28/28 MP: 4/13
  3137 | D:3      | Learned a level 4 spell: Fulminant Prism
  3242 | D:4      | Noticed an ogre
  3246 | D:4      | Killed an ogre
  3299 | D:4      | Reached skill level 5 in Spellcasting
  3299 | D:4      | Reached XP level 6. HP: 32/32 MP: 5/15
  3733 | D:4      | Found a runed translucent door.
  3734 | D:4      | Noticed Crazy Yiuf
  3742 | D:4      | Killed Crazy Yiuf
  4512 | D:5      | Entered Level 5 of the Dungeon
  4538 | D:5      | Found a staircase to the Ecumenical Temple.
  4557 | Temple   | Entered the Ecumenical Temple
  5070 | Temple   | Became a worshipper of Vehumet
  5090 | D:5      | Noticed a wyvern
  5096 | D:5      | Killed a wyvern
  5097 | D:5      | Reached skill level 1 in Hexes
  5097 | D:5      | Reached XP level 7. HP: 26/36 MP: 8/19
  5325 | D:5      | Reached skill level 5 in Stealth
  5935 | D:5      | Reached XP level 8. HP: 41/41 MP: 13/21
  6014 | D:5      | Learned a level 4 spell: Iskenderun's Mystic Blast
  6138 | D:5      | Learned a level 3 spell: Gell's Gravitas
  6142 | D:5      | Learned a level 3 spell: Teleport Other
  6465 | D:6      | Found a shimmering altar of Xom.
  6465 | D:6      | Found a broken altar of Ashenzari.
  6574 | D:6      | Noticed Prince Ribbit
  6586 | D:6      | Killed Prince Ribbit
  6846 | D:6      | Found a sacrificial altar of Ru.
  6854 | D:6      | Found a shadowy altar of Dithmenos.
  7148 | D:6      | Reached * piety under Vehumet
  7148 | D:6      | Offered knowledge of Freeze by Vehumet.
  7151 | D:6      | Learned a level 1 spell: Freeze
  7233 | D:6      | Learned a level 3 spell: Ozocubu's Armour
  7814 | D:7      | Found Ybu Eje's Magic Scroll Shoppe.
  7830 | D:7      | Reached XP level 9. HP: 46/46 MP: 21/24
  8017 | D:7      | Reached skill level 1 in Shields
  8017 | D:7      | Reached skill level 10 in Spellcasting
  8017 | D:7      | Reached skill level 1 in Translocations
  8166 | D:7      | Reached skill level 10 in Conjurations
  8270 | D:7      | Reached skill level 5 in Dodging
  8362 | D:7      | Found a basalt altar of Yredelemnul.
  9133 | D:8      | Noticed Gastronok
  9154 | D:8      | Killed from afar by Gastronok

Illustrated notes

Levels and vault maps discovered:
D:1:      kennysheep_arrival_seaside, layout_basic,
          shapermc_ecumenical_altar_starsandcircs, serial_shops, shop
D:2:      minmay_chambers_of_ones, layout_basic
D:3:      minmay_door_path, layout_basic, kiku_gazebo_pond_becter,
          grunt_qazlal_clouds, serial_shops, nicolae_shop_trees
D:4:      layout_loops_ring, minmay_goblin_outpost, uniq_crazy_yiuf_cottage
D:5:      layout_loops_corners, minmay_temple_entry_butterflies,
          chequers_mini_garden, chequers_serial_rivers_micro_b
D:6:      wander_river, layout_basic, gammafunk_temple_overflow_elements,
          mainiacjoe_overflow_big_doors, nicolae_ossuary_entry_false_entrances,
          cheibrodos_sewer_entry_drain, uniq_prince_ribbit1
D:7:      layout_loops_cross, mainiacjoe_overflow_24_doors, serial_shops,
          nicolae_inconvenience_store, grunt_ministairs_9
D:8:      layout_basic, uniq_gastronok
Temple:   eino_temple_water

Skill      XL: |  1  2  3  4  5  6  7  8  9 |
---------------+----------------------------+-----
Conjurations   | 5 6 7 8 9 10 | 10.6
Spellcasting   | 4 5 6 7 9 10 | 10.5
Stealth        | 3 4 5 |  5.5
Dodging        | 3 4 5 |  5.2
Hexes          | 1 2 3 4 |  4.6
Shields        | 1 |  1.1
Translocations | 1 |  1.0
Fighting       | |  0.7

Action                   |  1- 3 |  4- 6 |  7- 9 || total
-------------------------+-------+-------+-------++-------
Melee: Staff             |       |       |     1 ||     1
 Cast: Magic Dart        |    66 |    53 |   109 ||   228
       Searing Ray       |     1 |    15 |    31 ||    47
       Dazzling Flash    |       |     4 |     2 ||     6
       Fulminant Prism   |       |     2 |    10 ||    12
       Gell's Gravitas   |       |       |     1 ||     1
  Use: Scroll            |     5 |     5 |     3 ||    13
       Potion            |       |     1 |     1 ||     2
Armor: Robe              |     2 |     6 |    24 ||    32
Dodge: Dodged            |     8 |    14 |    60 ||    82
Block: Other             |       |     1 |    23 ||    24
       Reflection        |       |       |     1 ||     1
